 Dungeon Crawl Stone Soup version 0.18-a0-1164-g7046a04 (webtiles) character file.

48 Reinor the Vexing (level 3, 0/24 HPs)
             Began as a Vampire Enchanter on Jan 25, 2016.
             Slain by Jessica
             ... wielding a +6 club
              (11 damage)
             ... on level 2 of the Dungeon.
             The game lasted 00:03:46 (841 turns).

Reinor the Vexing (Vampire Enchanter)                Turns: 841, Time: 00:03:47

Health: 0/24       AC:  4    Str:  7    XL:     3   Next: 50%
Magic:  0/6        EV: 12    Int: 18    God:
Gold:   83         SH:  0    Dex: 14    Spells: 2 memorised, 3 levels left

rFire  . . .     SeeInvis +     a - +1 dagger
rCold  . . .     Gourm    .     b - +2 robe
rNeg   + . .     Faith    .     (no shield)
rPois  .         Spirit   .     (no helmet)
rElec  .         Dismiss  .     (no cloak)
rCorr  .         Reflect  .     (no gloves)
SustAt .         Harm     .     (no boots)
MR     .....                    (no amulet)
Stlth  +++.......               (no ring)
                                (no ring)

@: not resistant to hostile enchantments, fairly stealthy
A: fangs 3, see invisible, unbreathing
a: Bat Form


You were on level 2 of the Dungeon.
You were not thirsty.

You visited 1 branch of the dungeon, and saw 2 of its levels.

You collected 83 gold pieces.

Inventory:

Hand Weapons
 a - a +1 dagger (weapon)
Armour
 b - a +2 robe (worn)
Scrolls
 f - a scroll of random uselessness {unknown}
 i - 2 scrolls of teleportation
Potions
 d - 12 potions of blood
Books
 c - a book of Maledictions

   Spells                             Type                      Level
   a - Corona                         Hexes                        1
   b - Ensorcelled Hibernation        Hexes/Ice                    2
   c - Confuse                        Hexes                        3
   d - Tukima's Dance                 Hexes                        3
   e - Dazzling Spray                 Conjuration/Hexes            3
 e - a book of Envenomations

   Spells                             Type                      Level
   a - Spider Form                    Transmutation/Poison         3
   b - Olgreb's Toxic Radiance        Poison                       4
   c - Alistair's Intoxication        Transmutation/Poison         5
   d - Poisonous Cloud                Conjuration/Poison/Air       6


   Skills:
 + Level 3.8 Short Blades
 - Level 2.1 Dodging
 - Level 4.4 Stealth
 - Level 2.0 Spellcasting
 - Level 4.4 Hexes


You had 3 spell levels left.
You knew the following spells:

 Your Spells              Type           Power        Failure   Level  Hunger
a - Corona                Hex            ###....      3%          1    #......
b - Ensorcelled Hibernat  Hex/Ice        #.....       12%         2    ###....


Dungeon Overview and Level Annotations

Branches:
Dungeon (2/15)

Altars:
Xom

Annotations:
D:2 Jessica


Innate Abilities, Weirdness & Mutations

You have razor-sharp teeth.
You have supernaturally acute eyesight.
You can survive without breathing.


Message History

Aim: Jessica, wielding an enchanted club and wearing a runed robe (unusually strong, chance to defeat MR: 50%) Jessica resists with almost no effort.
Jessica barely misses you.
Casting: Ensorcelled Hibernation
Confirm with . or Enter, or press ? or * to list all spells.
You don't know that spell.
Casting: Ensorcelled Hibernation
Confirm with . or Enter, or press ? or * to list all spells.
Aiming: Ensorcelled Hibernation
Press: ? - help, Shift-Dir - straight line, f/p - Jessica
Aim: Jessica, wielding an enchanted club and wearing a runed robe (unusually strong, chance to defeat MR: 50%) Jessica resists with almost no effort.
Jessica hits you with an enchanted club!
Casting: Ensorcelled Hibernation
Confirm with . or Enter, or press ? or * to list all spells.
Aiming: Ensorcelled Hibernation
Press: ? - help, Shift-Dir - straight line, f/p - Jessica
Aim: Jessica, wielding an enchanted club and wearing a runed robe (unusually strong, chance to defeat MR: 50%) Jessica resists with almost no effort.
Jessica hits you with an enchanted club!
You die...

....#
#.#........##.#,,,,,,,,,,,*
>...#
#.#.)...#.###.#,***********
....# *,#.###.#.....#,*
....# *,#.###.#######,*
....# *,#......%....#,*
....# #.#####.#####.#,*
##### #........# *,*,*
#.#####..####.#,*
*****#...†...@@..#,*
****,,,,#.###########,*****
*,,,,,,,,,,,,,,,,,,,,,,,,,*
*,**,**,*,*********,,,,,,,*
*,,,,,*,*,* *,,,,,,,*
***,*.#,*,* *,,,,,,,*
###.#.*,*,* *,,,,,,,*
.....,*,*,* *,,,,,,,* ##
....#,*,*,* *,,,,,,,* #.


You could see Jessica.

Vanquished Creatures
  An ooze (D:2)
  2 worms (D:2)
  2 giant geckos
  A ball python (D:1)
  5 bats
  2 giant cockroaches
  6 goblins
  4 hobgoblins (D:1)
  2 quokkas (D:2)
  2 giant newts
  3 kobolds
  4 rats
34 creatures vanquished.

Notes
Turn   | Place    | Note
--------------------------------------------------------------
     0 | D:1      | Reinor the Vampire Enchanter began the quest for the Orb.
     0 | D:1      | Reached XP level 1. HP: 13/13 MP: 3/3
    72 | D:1      | Found a shimmering altar of Xom.
   130 | D:1      | Reached XP level 2. HP: 19/19 MP: 5/5
   233 | D:1      | Learned a level 2 spell: Ensorcelled Hibernation
   518 | D:2      | Reached XP level 3. HP: 24/24 MP: 6/6
   831 | D:2      | Noticed Jessica
   841 | D:2      | Slain by Jessica

Vault maps used:
D:1:      lightli_arrival_boilingwater, hangedman_decor_push, xom_teletrap_fun
D:2:      first_bread, uniq_jessica

Action                   || total
-------------------------++-------
Melee: Dagger            ||    86
 Cast: Ensorcelled Hiber ||     3
  Use: Scroll            ||     5
 Stab: Sleeping          ||    15
